[ AOE2 MATCH · #504728420 ]
UnrankedMaya vs Aztecs
Player's team · LOSS
Rival team · WIN
[ REPLAY ANALYSIS · EXTRACTED FROM THE RECORDED GAME ]
Feudal
9:57
Castle
21:01
Imperial
34:51
| APM avg | 68.2 |
| APM peak | 157 |
| eAPM avg | 30.5 |
| Villagers / military | 204 / 195 |
Focus
⚔️ 31.4% · 🌾 68.6%
Plumed Archer ×89 · Eagle Scout ×42 · Archer ×23 · Mangonel ×17 · Trebuchet (Packed) ×10 · Militia ×8
Feudal
9:17
Castle
21:47
Imperial
39:39
| APM avg | 48.9 |
| APM peak | 92 |
| eAPM avg | 27.4 |
| Villagers / military | 145 / 284 |
Focus
⚔️ 41.5% · 🌾 58.5%
Skirmisher ×123 · Jaguar Warrior ×69 · Militia ×49 · Monk ×11 · Archer ×11 · Eagle Scout ×8
Match map
Initial resources + every placement click. Lines = walls · curves = elevation contours. ◆ gold · ⬟ stone · ● berries · ✦ relic · ◌ wall gap
Your base· ✓ Closed at 21:01 · 52t walls · no gate
onlyAztecsinArabia's base· ✓ Closed at 21:47 · 41t walls · no gate
Smoothed initial terrain · ◌ = detected wall gap · hover for details
Inputs per minute
— RiffRaff - - onlyAztecsinArabia
Build order — RiffRaff
First 150 of 604 actions detected
| 0:00 | Queue | Villager (Male) |
| 0:02 | Build | House |
| 0:04 | Research | Loom |
| 0:06 | Build | House |
| 0:26 | Queue | Villager (Male) |
| 0:27 | Queue | Villager (Male) |
| 0:27 | Queue | Villager (Male) |
| 1:31 | Build | Lumber Camp |
| 1:39 | Queue | Villager (Male) |
| 1:39 | Queue | Villager (Male) |
| 2:08 | Queue | Villager (Male) |
| 2:08 | Queue | Villager (Male) |
| 2:33 | Queue | Villager (Male) |
| 2:56 | Queue | Villager (Male) |
| 3:25 | Queue | Villager (Male) |
| 3:51 | Queue | Villager (Male) |
| 3:51 | Queue | Villager (Male) |
| 4:31 | Queue | Villager (Male) |
| 4:46 | Build | House |
| 4:50 | Queue | Villager (Male) |
| 5:18 | Build | Barracks |
| 5:19 | Build | House |
| 5:29 | Queue | Villager (Male) |
| 5:44 | Queue | Villager (Male) |
| 6:09 | Build | Palisade Wall |
| 6:20 | Queue | Villager (Male) |
| 6:33 | Queue | Villager (Male) |
| 7:04 | Build | Mill |
| 7:36 | Build | Mining Camp |
| 7:47 | Research | Feudal Age |
| 8:07 | Queue | Militia |
| 8:07 | Queue | Militia |
| 8:31 | Queue | Militia |
| 8:45 | Build | House |
| 9:14 | Queue | Villager (Male) |
| 9:38 | Build | House |
| 9:57 | Age | Feudal Age |
| 9:58 | Research | Man-at-Arms (upgrade) |
| 10:00 | Research | Double-Bit Axe |
| 10:06 | Build | Archery Range |
| 10:16 | Queue | Villager (Male) |
| 10:20 | Build | Farm |
| 10:23 | Build | Farm |
| 10:31 | Queue | Villager (Male) |
| 10:34 | Build | House |
| 10:36 | Build | Palisade Wall |
| 10:52 | Queue | Villager (Male) |
| 10:55 | Build | Farm |
| 11:07 | Build | Farm |
| 11:19 | Queue | Villager (Male) |
| 11:21 | Queue | Skirmisher |
| 11:22 | Queue | Skirmisher |
| 11:38 | Build | House |
| 11:39 | Build | Palisade Wall |
| 11:40 | Queue | Villager (Male) |
| 11:44 | Build | Farm |
| 11:50 | Build | House |
| 11:52 | Build | Palisade Wall |
| 12:08 | Build | Palisade Wall |
| 12:19 | Queue | Skirmisher |
| 12:24 | Queue | Villager (Male) |
| 12:25 | Queue | Skirmisher |
| 12:37 | Build | Palisade Wall |
| 12:39 | Queue | Villager (Male) |
| 12:52 | Queue | Skirmisher |
| 13:01 | Build | Mill |
| 13:10 | Queue | Villager (Male) |
| 13:36 | Build | Blacksmith |
| 13:38 | Queue | Villager (Male) |
| 13:56 | Build | House |
| 14:01 | Queue | Villager (Male) |
| 14:06 | Queue | Archer |
| 14:06 | Queue | Archer |
| 14:22 | Build | Farm |
| 14:29 | Build | House |
| 14:34 | Queue | Villager (Male) |
| 14:40 | Queue | Villager (Male) |
| 14:47 | Research | Fletching |
| 14:51 | Queue | Archer |
| 14:59 | Queue | Villager (Male) |
| 15:00 | Build | Farm |
| 15:06 | Build | Farm |
| 15:06 | Queue | Villager (Male) |
| 15:19 | Build | Farm |
| 15:20 | Queue | Villager (Male) |
| 15:29 | Queue | Villager (Male) |
| 15:36 | Build | Palisade Wall |
| 15:49 | Queue | Archer |
| 15:54 | Queue | Villager (Male) |
| 15:55 | Queue | Archer |
| 15:58 | Build | Farm |
| 16:00 | Build | Farm |
| 16:36 | Queue | Archer |
| 17:00 | Queue | Villager (Male) |
| 17:03 | Queue | Villager (Male) |
| 17:05 | Queue | Archer |
| 17:28 | Build | Market |
| 17:43 | Queue | Villager (Male) |
| 17:43 | Queue | Archer |
| 18:03 | Queue | Villager (Male) |
| 18:09 | Build | Farm |
| 18:11 | Build | Farm |
| 18:12 | Build | Farm |
| 18:17 | Queue | Archer |
| 18:21 | Research | Castle Age |
| 18:28 | Queue | Archer |
| 18:42 | Queue | Archer |
| 18:50 | Build | Lumber Camp |
| 19:04 | Queue | Militia |
| 19:04 | Queue | Militia |
| 19:06 | Queue | Villager (Male) |
| 19:11 | Research | Scale Mail Armor |
| 19:22 | Build | Farm |
| 19:32 | Queue | Militia |
| 19:38 | Build | Farm |
| 19:42 | Queue | Archer |
| 19:51 | Queue | Militia |
| 20:07 | Build | Farm |
| 20:08 | Research | Horse Collar |
| 20:23 | Research | Gold Mining |
| 20:35 | Queue | Archer |
| 20:48 | Build | House |
| 21:01 | Age | Castle Age |
| 21:06 | Research | Bodkin Arrow |
| 21:09 | Research | Crossbowman (upgrade) |
| 21:24 | Queue | Villager (Male) |
| 21:32 | Queue | Villager (Male) |
| 21:36 | Build | Farm |
| 21:47 | Build | Town Center |
| 21:54 | Queue | Villager (Male) |
| 22:06 | Research | Bow Saw |
| 22:12 | Queue | Archer |
| 22:13 | Queue | Archer |
| 22:22 | Build | Farm |
| 22:23 | Build | Farm |
| 22:23 | Build | Farm |
| 22:25 | Build | Farm |
| 22:37 | Queue | Villager (Male) |
| 22:41 | Build | House |
| 22:42 | Build | House |
| 22:43 | Build | House |
| 22:43 | Build | House |
| 22:43 | Queue | Villager (Male) |
| 22:46 | Research | Wheelbarrow |
| 22:49 | Queue | Villager (Male) |
| 22:52 | Build | Farm |
| 23:07 | Queue | Villager (Male) |
| 23:09 | Queue | Villager (Male) |
| 23:25 | Queue | Villager (Male) |
| 23:26 | Queue | Villager (Male) |
Build order — onlyAztecsinArabia
First 150 of 626 actions detected
| 0:00 | Queue | Villager (Male) |
| 0:01 | Queue | Villager (Male) |
| 0:01 | Queue | Villager (Male) |
| 0:02 | Build | House |
| 0:03 | Build | House |
| 0:10 | Queue | Villager (Male) |
| 1:32 | Queue | Villager (Male) |
| 2:03 | Build | Lumber Camp |
| 2:07 | Queue | Villager (Male) |
| 2:24 | Queue | Villager (Male) |
| 2:50 | Queue | Villager (Male) |
| 3:06 | Queue | Villager (Male) |
| 3:29 | Build | House |
| 3:30 | Build | House |
| 3:44 | Queue | Villager (Male) |
| 3:59 | Queue | Villager (Male) |
| 4:26 | Queue | Villager (Male) |
| 4:33 | Build | Mill |
| 4:42 | Queue | Villager (Male) |
| 4:57 | Queue | Villager (Male) |
| 5:36 | Queue | Villager (Male) |
| 6:16 | Queue | Villager (Male) |
| 6:16 | Research | Loom |
| 7:07 | Research | Feudal Age |
| 7:42 | Build | Mining Camp |
| 8:05 | Build | Barracks |
| 8:36 | Queue | Villager (Male) |
| 9:06 | Build | Palisade Wall |
| 9:06 | Build | Palisade Wall |
| 9:07 | Build | Palisade Wall |
| 9:07 | Build | Palisade Wall |
| 9:08 | Build | Palisade Wall |
| 9:09 | Build | Palisade Wall |
| 9:15 | Build | House |
| 9:17 | Age | Feudal Age |
| 9:22 | Build | Archery Range |
| 9:26 | Research | Double-Bit Axe |
| 9:31 | Queue | Villager (Male) |
| 10:03 | Queue | Villager (Male) |
| 10:15 | Queue | Archer |
| 10:16 | Queue | Archer |
| 10:19 | Build | House |
| 10:20 | Build | Palisade Wall |
| 10:21 | Build | Palisade Wall |
| 10:30 | Queue | Villager (Male) |
| 10:42 | Build | House |
| 10:44 | Queue | Villager (Male) |
| 10:48 | Queue | Eagle Scout |
| 10:59 | Build | Palisade Wall |
| 11:01 | Build | Palisade Wall |
| 11:01 | Queue | Villager (Male) |
| 11:04 | Build | Farm |
| 11:14 | Build | Palisade Wall |
| 11:15 | Build | Palisade Wall |
| 11:23 | Queue | Villager (Male) |
| 11:31 | Build | Farm |
| 11:35 | Build | Mill |
| 11:43 | Build | House |
| 11:45 | Build | Palisade Wall |
| 11:53 | Queue | Skirmisher |
| 11:57 | Build | Farm |
| 12:12 | Build | House |
| 12:23 | Build | Farm |
| 12:31 | Queue | Skirmisher |
| 12:33 | Queue | Archer |
| 12:40 | Build | House |
| 12:49 | Queue | Skirmisher |
| 12:52 | Queue | Villager (Male) |
| 12:57 | Build | Blacksmith |
| 13:06 | Build | Farm |
| 13:09 | Build | Farm |
| 13:11 | Queue | Villager (Male) |
| 13:14 | Build | House |
| 13:16 | Build | Palisade Wall |
| 13:32 | Queue | Eagle Scout |
| 13:34 | Queue | Villager (Male) |
| 13:39 | Build | House |
| 13:49 | Build | Palisade Wall |
| 14:01 | Queue | Villager (Male) |
| 14:12 | Queue | Skirmisher |
| 14:15 | Queue | Villager (Male) |
| 14:20 | Build | House |
| 14:25 | Build | Farm |
| 14:28 | Build | Farm |
| 14:40 | Research | Fletching |
| 14:45 | Queue | Villager (Male) |
| 14:55 | Build | Market |
| 14:59 | Build | Farm |
| 15:16 | Queue | Villager (Male) |
| 15:33 | Build | House |
| 15:46 | Queue | Villager (Male) |
| 15:48 | Queue | Skirmisher |
| 15:52 | Build | House |
| 16:00 | Queue | Villager (Male) |
| 16:16 | Build | House |
| 16:17 | Queue | Villager (Male) |
| 16:20 | Build | Farm |
| 16:45 | Queue | Villager (Male) |
| 16:59 | Queue | Skirmisher |
| 17:00 | Queue | Skirmisher |
| 17:01 | Queue | Villager (Male) |
| 17:21 | Queue | Villager (Male) |
| 17:22 | Build | Archery Range |
| 17:31 | Queue | Villager (Male) |
| 18:08 | Queue | Villager (Male) |
| 18:14 | Build | Farm |
| 18:15 | Build | Farm |
| 18:16 | Build | Farm |
| 18:23 | Build | House |
| 18:36 | Build | Farm |
| 18:38 | Build | Farm |
| 18:49 | Research | Castle Age |
| 18:49 | Research | Castle Age |
| 18:51 | Build | House |
| 18:52 | Build | House |
| 19:04 | Build | Farm |
| 19:08 | Build | Farm |
| 19:29 | Research | Horse Collar |
| 19:51 | Queue | Archer |
| 19:55 | Build | House |
| 19:56 | Build | House |
| 20:14 | Queue | Archer |
| 20:17 | Build | Farm |
| 20:26 | Build | Lumber Camp |
| 20:33 | Queue | Archer |
| 20:45 | Build | Farm |
| 21:29 | Build | Blacksmith |
| 21:35 | Queue | Skirmisher |
| 21:35 | Queue | Skirmisher |
| 21:41 | Queue | Skirmisher |
| 21:42 | Queue | Skirmisher |
| 21:42 | Queue | Skirmisher |
| 21:47 | Age | Castle Age |
| 21:52 | Research | Elite Skirmisher (upgrade) |
| 21:54 | Research | Padded Archer Armor |
| 22:00 | Queue | Villager (Male) |
| 22:00 | Queue | Villager (Male) |
| 22:02 | Build | Lumber Camp |
| 22:31 | Research | Bodkin Arrow |
| 22:35 | Queue | Skirmisher |
| 22:37 | Queue | Villager (Male) |
| 22:39 | Queue | Skirmisher |
| 22:39 | Queue | Skirmisher |
| 22:50 | Queue | Villager (Male) |
| 23:08 | Build | Farm |
| 23:09 | Queue | Villager (Male) |
| 23:28 | Queue | Eagle Scout |
| 23:38 | Build | Farm |
| 23:40 | Queue | Villager (Male) |
| 23:44 | Queue | Eagle Scout |
Match timeline
| 5:18 | RiffRaff · first_building Barracks |
| 6:09 | RiffRaff · wall_segment Palisade Wall x1 |
| 8:05 | onlyAztecsinArabia · first_building Barracks |
| 9:06 | onlyAztecsinArabia · wall_segment Palisade Wall x1 |
| 9:06 | onlyAztecsinArabia · wall_segment Palisade Wall x1 |
| 9:07 | onlyAztecsinArabia · wall_segment Palisade Wall x1 |
| 9:07 | onlyAztecsinArabia · wall_segment Palisade Wall x1 |
| 9:08 | onlyAztecsinArabia · wall_segment Palisade Wall x1 |
| 9:09 | onlyAztecsinArabia · wall_segment Palisade Wall x1 |
| 9:17 | onlyAztecsinArabia · age_up feudal |
| 9:22 | onlyAztecsinArabia · first_building Archery Range |
| 9:57 | RiffRaff · age_up feudal |
| 10:06 | RiffRaff · first_building Archery Range |
| 10:20 | onlyAztecsinArabia · wall_segment Palisade Wall x1 |
| 10:21 | onlyAztecsinArabia · wall_segment Palisade Wall x1 |
| 10:36 | RiffRaff · wall_segment Palisade Wall x7 |
| 10:59 | onlyAztecsinArabia · wall_segment Palisade Wall x1 |
| 11:01 | onlyAztecsinArabia · wall_segment Palisade Wall x1 |
| 11:14 | onlyAztecsinArabia · wall_segment Palisade Wall x1 |
| 11:15 | onlyAztecsinArabia · wall_segment Palisade Wall x1 |
| 11:39 | RiffRaff · wall_segment Palisade Wall x7 |
| 11:45 | onlyAztecsinArabia · wall_segment Palisade Wall x10 |
| 11:52 | RiffRaff · wall_segment Palisade Wall x15 |
| 12:08 | RiffRaff · wall_segment Palisade Wall x12 |
| 12:37 | RiffRaff · wall_segment Palisade Wall x7 |
| 13:16 | onlyAztecsinArabia · wall_segment Palisade Wall x12 |
| 13:49 | onlyAztecsinArabia · wall_segment Palisade Wall x9 |
| 15:36 | RiffRaff · wall_segment Palisade Wall x3 |
| 18:48 | onlyAztecsinArabia · first_market_buy 100 food |
| 20:23 | onlyAztecsinArabia · first_market_sell 100 food |
| 21:01 | RiffRaff · age_up castle |
| 21:47 | onlyAztecsinArabia · age_up castle |
| 22:20 | RiffRaff · first_market_buy 100 wood |
| 24:55 | onlyAztecsinArabia · first_building Monastery |
| 28:03 | onlyAztecsinArabia · first_building Siege Workshop |
| 29:25 | RiffRaff · first_building Siege Workshop |
| 30:15 | RiffRaff · first_building Castle |
| 30:47 | RiffRaff · first_market_sell 100 wood |
| 33:11 | RiffRaff · first_building Monastery |
| 34:51 | RiffRaff · age_up imperial |
| 36:58 | onlyAztecsinArabia · first_building Castle |
| 39:39 | onlyAztecsinArabia · age_up imperial |
| 59:14 | RiffRaff · resign |
[ AI ANALYSIS · 1 CREDIT ]
What really happened in this match?
Wolo.gg analyzes every decision: build order, eco, micro, common mistakes by bracket. Personalized analysis on WhatsApp or Discord in 30 seconds.
Civ guide
Maya
Perfil
RiffRaff